Construct Section Command Post
Construct Platoon Command Post
Unlock Bishop Self-propelled Artillery
Bishop Self-propelled Artillery
6-pounder Anti-tank Gun Team
Bishop Self-propelled Artillery
Selects Air and Sea Battlegroup
Selects Commando Section Paradrop
Selects Commando Support Section Paradrop
6-pounder Anti-tank Gun Team
Selects Anti-tank Rocket Loiter
Commando Section Paradrop
6-pounder Anti-tank Gun Team